 Dungeon Crawl Stone Soup version 0.13.0-19-g8e0b589 (webtiles) character file.

172 4tharraofdagon the Chopper (level 4, -4/36 HPs)
             Began as a Demonspawn Berserker on Oct 24, 2013.
             Was a Believer of Trog.
             Killed from afar by a goblin (9 damage)
             ... with a wand of flame
             ... on Level 5 of the Dungeon.
             The game lasted 00:02:18 (614 turns).

4tharraofdagon the Chopper (Demonspawn Berserker)    Turns: 614, Time: 00:02:18

HP  -4/36        AC  6     Str 18      XL: 4   Next: 51%
MP   0/3         EV 10     Int  9      God: Trog [**....]
Gold 69          SH  0     Dex 12      Spells:  0 memorised,  3 levels left

Res.Fire  : . . .   See Invis. : .   a - +0 hand axe {=f}
Res.Cold  : . . .   Warding    : .   j - +1 orc ring mail
Life Prot.: . . .   Conserve   : .   (no shield)
Res.Poison: .       Res.Corr.  : .   (no helmet)
Res.Elec. : .       Clarity    : .   (no cloak)
Sust.Abil.: . .     Spirit.Shd : +   (no gloves)
Res.Mut.  : .       Stasis     : .   (no boots)
Res.Rott. : .       Flight     : .   (no amulet)
Saprovore : . . .                    (no ring)
                                     (no ring)

@: confused, exhausted, slowed, very slow, slightly resistant to hostile
enchantments, extremely unstealthy
A: hooves 1, powered by death 1, magic shield
a: Burn Spellbooks, Berserk, Trog's Hand, Renounce Religion


You were on level 5 of the Dungeon.
You worshipped Trog.
Trog was pleased with you.
You were very hungry.

You visited 1 branch of the dungeon, and saw 5 of its levels.

You collected 49 gold pieces.

Inventory:

Hand weapons
 a - a +0,+0 hand axe (weapon) {=f}
Armour
 b - a +0 animal skin
 j - a +1 orcish ring mail (worn)
Comestibles
 c - 4 bread rations
 g - a meat ration
Scrolls
 d - a scroll of teleportation {unknown}
 e - a scroll of curse weapon {unknown}
 f - a scroll of enchant weapon II {unknown}
 h - a scroll of blinking {unknown}
 i - a scroll of remove curse {unknown}
 k - a scroll of random uselessness {unknown}


   Skills:
 + Level 3.6 Fighting
 * Level 4.0 Axes
 + Level 2.5 Armour
 - Level 1.7 Dodging


You had 3 spell levels left.
You didn't know any spells.

Dungeon Overview and Level Annotations

Branches:
Dungeon (5/27)             Temple (0/1) D:4

Altars:
Vehumet

Annotations:
D:5 Sigmund


Innate Abilities, Weirdness & Mutations

You have large cloven feet.
You can steal the life force of nearby defeated enemies.
When hurt, damage is shared between your health and your magic reserves.


Message History

You are more confused.
The goblin zaps a wand.
The puff of flame hits you!
You feel a strong urge to attack something.
You hear some strange, mumbled words.
A puff of flame appears from out of thin air!
The puff of flame hits something.
It hits you!
* * * LOW HITPOINT WARNING * * *
The crimson imp blinks!
Found 12 strawberries.
Found a stone staircase leading up.
You swing at nothing.
You are no longer berserk.
You are exhausted.
You feel yourself slow down.
You are feeling very hungry.
The goblin hits you but does no damage.
You hear some strange, mumbled words.
You're too confused!
It hits you!
* * * LOW HITPOINT WARNING * * *
The goblin zaps a wand.
The puff of flame hits you!
You die...

...% #.....<...
#..........
#.....#.....
#............
#...#._.#....
#............
#...g.#.......
.#####...@.........
#........ยง..........
#........%).......%
#..................
#...5..............
#.......######....
#.......# ....
#.......# .. .
#.......#


You could see a crimson imp and a goblin.

Vanquished Creatures
  A hound (D:5)
  A scorpion (D:4)
  An adder (D:4)
  A worm (D:3)
  2 giant geckos
  3 orcs (D:5)
  6 goblins
  3 hobgoblins
  3 jackals (D:3)
  A kobold (D:4)
  A giant newt (D:1)
  4 rats
27 creatures vanquished.

Notes
Turn   | Place    | Note
--------------------------------------------------------------
     0 | D:1      | 4tharraofdagon, the Demonspawn Berserker, began the quest for the Orb.
     0 | D:1      | Reached XP level 1. HP: 18/18 MP: 0/0
   277 | D:3      | Gained mutation: You can steal the life force of nearby defeated enemies. [demonic ancestry]
   277 | D:3      | Reached XP level 2. HP: 24/24 MP: 1/1
   367 | D:4      | Acquired Trog's second power
   399 | D:4      | Gained mutation: You have large cloven feet. [demonic ancestry]
   399 | D:4      | Reached XP level 3. HP: 25/30 MP: 2/2
   539 | D:4      | Found a staircase to the Ecumenical Temple.
   555 | D:5      | Entered Level 5 of the Dungeon
   568 | D:5      | Gained mutation: When hurt, damage is shared between your health and your magic reserves. [demonic ancestry]
   568 | D:5      | Reached XP level 4. HP: 22/36 MP: 3/3
   598 | D:5      | Found a radiant altar of Vehumet.
   598 | D:5      | Noticed Sigmund
   604 | D:5      | Reached skill level 4 in Axes
   614 | D:5      | Killed from afar by a goblin

Action                   |  1- 3 |  4- 6 || total
-------------------------+-------+-------++-------
Melee: Hand axe          |    85 |    14 ||    99
Invok: Berserk           |     3 |     1 ||     4
  Use: Potion            |     4 |       ||     4
